 Dungeon Sprint DCSS version 0.30.1-11-g7821555f0a (webtiles) character file.

Game seed: 6098825323134259308

424 GreatBamboolord the Geomancer (level 6, -4/38 HPs)
             Began as a Gargoyle Earth Elementalist on Jan 13, 2024.
             Was a Follower of Vehumet.
             Slain by a merfolk
             ... wielding a +0 trident
              (25 damage)
             ... in the Dungeon (Sprint V: "Ziggurat Sprint").
             The game lasted 00:01:42 (222 turns).

GreatBamboolord the Geomancer (GrEE)                 Turns: 222, Time: 00:01:43

Health: -4/38      AC:  9    Str: 12    XL:     6   Next: 96%
Magic:  1/15       EV:  6    Int: 17    God:    Vehumet [*.....]
Gold:   0          SH: 26    Dex: 10    Spells: 13/17 levels left

rFire   + . .        b - +8 lance "Wyrmbane" {slay drac, rPois rF+ rC+ AC+3}
rCold   + . .        G - +18 shield of the Gong {Loud rN+ Will+ rCorr EV-5}
rNeg    + + .        F - +0 robe
rPois   ∞            (no helmet)
rElec   +            (no cloak)
rCorr   +            (no gloves)
SInv    .            (no boots)
Will    +....        (no amulet)
Stlth   +++          (no ring)
HPRegen 0.26/turn    (no ring)
MPRegen 0.14/turn

%: no teleportation
@: mighty
A: sickness immunity, AC +4, negative energy resistance 1, electricity
resistance, torment resistance 1, petrification resistance
a: Renounce Religion


You were in the Dungeon.
You worshipped Vehumet.
Vehumet was aware of your devotion.
You visited 1 branch

Inventory:

Hand Weapons
 a - the +6 Majin-Bo {spellvamp, MP+6 Int+6}
   (You found it in the Dungeon)

   Int:       It affects your intelligence (+6).
   MP:        It affects your magic capacity (+6).
 b - the +8 lance "Wyrmbane" (weapon) {slay drac, rPois rF+ rC+ AC+3}
   (You found it in the Dungeon)

   AC:        It affects your AC (+3).
   rF:        It protects you from fire.
   rC:        It protects you from cold.
   rPois:     It protects you from poison.
 H - the +7 great mace "Firestarter" {flame, immolate, rFlCloud rF++}
   (You found it in the Dungeon)

   rFlCloud:  It grants immunity to clouds of flame.
   rF:        It greatly protects you from fire.
Armour
 h - +5 fire dragon scales
 i - +5 storm dragon scales
 j - an orb of mayhem
 k - a +3 tower shield
 F - a +0 robe (worn)
 G - the +18 shield of the Gong (worn) {Loud rN+ Will+ rCorr EV-5}
   (You found it in the Dungeon)

   Loud:      It is deafeningly noisy when blocking attacks.
   EV:        It affects your evasion (-5).
   rN:        It protects you from negative energy.
   rCorr:     It protects you from acid and corrosion.
   Will:      It increases your willpower.
Magical Staves
 J - a staff of conjuration
Jewellery
 o - the ring of Wudghiyxt {Will+ SInv}
   (You found it in the Dungeon)

   [ring of willpower]

   SInv:      It lets you see invisible.
   Will:      It increases your willpower.
 x - a ring of flight
 y - a +6 ring of dexterity
 z - a +6 ring of dexterity
 A - a +6 ring of intelligence
 B - a +6 ring of intelligence
 C - a +6 ring of strength
 D - a +6 ring of strength
Wands
 u - a wand of mindburst (7)
 v - a wand of iceblast (7)
 w - a wand of acid (7)
 E - a wand of flame (23)
Scrolls
 g - 4 scrolls of blinking
 q - 4 scrolls of amnesia
 r - 7 scrolls of fog
 s - 5 scrolls of identify
 t - 2 scrolls of fear
Potions
 c - 9 potions of curing
 d - 7 potions of heal wounds
 e - 6 potions of haste
 f - 3 potions of berserk rage
 l - 2 potions of brilliance
 m - 2 potions of invisibility
 n - 4 potions of resistance
 p - 4 potions of might
 I - 8 potions of magic


   Skills:
 + Level 3.8 Fighting
 * Level 4.8 Dodging
 + Level 5.0 Stealth
 + Level 3.8 Shields
 * Level 6.2 Spellcasting
 * Level 8.1 Conjurations
 - Level 0.7 Transmutations
 * Level 8.7 Earth Magic


You had 13 spell levels left.
You knew the following spells:

 Your Spells              Type           Power      Damage    Failure   Level
a - Sandblast             Erth           70%        2d15      1%          1
b - Stone Arrow           Conj/Erth      68%        3d11      4%          3

Your spell library contained the following spells:

 Spells                   Type           Power      Damage    Failure   Level
 Foxfire                  Conj/Fire      76%        2x1d7     9%          1
 Passwall                 Tmut/Erth      17%        N/A       10%         2
 Petrify                  Tmut/Erth      21%        N/A       54%         4


Dungeon Overview and Level Annotations

Branches:
Dungeon (1/1)

Altars:
Ashenzari
Cheibriados
Dithmenos
Elyvilon
Fedhas
Gozag
Hepliaklqana
Kikubaaqudgha
Makhleb
Nemelex Xobeh
Okawaru
Qazlal
Ru
Sif Muna
Trog
Uskayaw
Vehumet
Wu Jian
Xom
Yredelemnul
Zin
The Shining One
Jiyva
Lugonu

Annotations:
D 1 transporter


Innate Abilities, Weirdness & Mutations

You are immune to sickness and miasma.
Your stone body is resilient. (AC +4)
You are immune to poison.
You resist negative energy. (rN+)
You are resistant to electric shocks. (rElec)
You are resistant to unholy torment.
You are immune to petrification.


Message History

Unknown command.
You hit the merfolk.
The merfolk is heavily wounded.
You block the merfolk's attack.
BONNNG!
You block the merfolk's attack.
BOUMMMMG!
You miss the merfolk.
The merfolk is heavily wounded.
You block the merfolk's attack.
SHROANNG!
The merfolk hits you but does no damage.
Your magical contamination has completely faded away.
You closely miss the merfolk.
The merfolk is heavily wounded.
You block the merfolk's attack.
SHROANNG!
The merfolk hits you with a +0 trident!
Unknown command.
You puncture the merfolk!
The merfolk is severely wounded.
The merfolk hits you with a +0 trident. You block the merfolk's attack.
GONNNNG!
You block the merfolk's attack.
GONNNNG!
The merfolk hits you with a +0 trident.
You feel much better. You block the merfolk's attack.
PANG!
The merfolk hits you with a +0 trident!!
Ouch! That really hurt!
* * * LOW HITPOINT WARNING * * *
Unknown command.
You feel much better. The merfolk hits you with a +0 trident!
The merfolk hits you with a +0 trident.
You feel very mighty all of a sudden. You block the merfolk's attack.
BOUMMMMG!
The merfolk hits you with a +0 trident!!
Ouch! That really hurt!
You die...

▓▓▓▓▓▓▓▓▓▓▓▓▓
▓.8©8.▓.8©8.▓
▓.[)}.▓.....▓
▓.....▓†....▓
▓.....▓.....▓
▓..mm.▓.....▓
▓..@..▓..©..▓
▓..©..▓▓▓▓▓▓▓
▓▓▓▓▓▓▓


You could see 2 merfolk.

Vanquished Creatures
  A merfolk (D)
  A golden eye (shapeshifter) (D)
  A black bear (shapeshifter) (D)
3 creatures vanquished.

Notes
Turn   | Place    | Note
-------+----------+-------------------------------------------
     0 | D        | GreatBamboolord the Gargoyle Earth Elementalist began the
                  | quest for the Orb.
     0 | D        | Reached XP level 1. HP: 10/10 MP: 3/3
     3 | D        | Found a blossoming altar of Fedhas.
     3 | D        | Found the +6 Majin-Bo {spellvamp, MP+6 Int+6}
     3 | D        | Found the +27 heavy crossbow "Sniper" {heavy, Acc+∞ SInv}
     3 | D        | Found the +10 dark maul {heavy}
     3 | D        | Found the +15 Maxwell's patent armour {-Cast -Tele rElec
                  | Will+ rCorr}
     3 | D        | Found the +18 shield of the Gong {Loud rN+ Will+ rCorr
                  | EV-5}
     3 | D        | Found the +16 obsidian axe {drain, demonic, Mesm Drain Fly
                  | SInv}
     3 | D        | Found the +7 great mace "Firestarter" {flame, immolate,
                  | rFlCloud rF++}
     3 | D        | Found the +6 shillelagh "Devastator" {shatter}
     3 | D        | Found the +11 plutonium sword {Contam Stlth-}
     3 | D        | Found the +8 lance "Wyrmbane" {slay drac, rPois rF+ rC+
                  | AC+3}
     3 | D        | Found the +9 sword of Zonguldrok {reap}
     3 | D        | Found the +13 scythe of Curses {drain, curses, Drain}
     3 | D        | Found the +9 sword of Power {lifebolt}
     3 | D        | Found the +7 mace of Variability {chaos, chaos arc}
     3 | D        | Found the +11 Singing Sword {sonic wave}
     3 | D        | Found the +8 storm bow {elec, penet}
     7 | D        | Found a shimmering blue altar of Sif Muna.
     7 | D        | Found a sacrificial altar of Ru.
     7 | D        | Found a bloodstained altar of Trog.
     7 | D        | Found a stormy altar of Qazlal.
     7 | D        | Found an iron altar of Okawaru.
     7 | D        | Found a sparkling altar of Nemelex Xobeh.
     9 | D        | Found a transporter.
     9 | D        | Found an ancient bone altar of Kikubaaqudgha.
     9 | D        | Found a viscous altar of Jiyva.
     9 | D        | Found a corrupted altar of Lugonu.
     9 | D        | Found a hazy altar of Hepliaklqana.
     9 | D        | Found a burning altar of Makhleb.
     9 | D        | Found an opulent altar of Gozag.
    20 | D        | Became a worshipper of Vehumet
    41 | D        | Reached skill level 5 in Conjurations
    41 | D        | Reached skill level 5 in Earth Magic
    41 | D        | Reached XP level 2. HP: 15/15 MP: 3/6
   116 | D        | Entered arena 2.
   116 | D        | Noticed a golden eye
   116 | D        | Noticed a black bear
   116 | D        | Found a transporter.
   119 | D        | Killed a golden eye
   120 | D        | Reached skill level 5 in Spellcasting
   120 | D        | Reached XP level 3. HP: 17/22 MP: 9/9
   120 | D        | Reached XP level 4. HP: 22/27 MP: 11/11
   120 | D        | Reached XP level 5. HP: 25/31 MP: 12/12
   124 | D        | Killed a black bear
   125 | D        | Reached XP level 6. HP: 31/37 MP: 8/14
   127 | D        | Got the ring of Wudghiyxt {Will+ SInv}
   198 | D        | Learned a level 3 spell: Stone Arrow
   205 | D        | Entered arena 3.
   205 | D        | Noticed a merfolk
   205 | D        | Noticed a merfolk
   205 | D        | Noticed a merfolk
   205 | D        | Found a transporter.
   209 | D        | Killed a merfolk
   209 | D        | Reached * piety under Vehumet
   209 | D        | Offered knowledge of Foxfire by Vehumet.
   210 | D        | Reached skill level 5 in Stealth
   222 | D        | Slain by a merfolk

Illustrated notes

Levels and vault maps discovered:
D:        sprint_v [room_start, room_1, room_2, room_3, room_4, room_5, room_6,
          room_7, room_8, room_9, room_10, room_11, room_12, room_13, room_14,
          room_15, room_16, room_17, room_18, room_19, room_20, room_21,
          room_22, room_23, room_24, room_25, room_26, room_27]

Skill      XL: |  1  2  3  4  5  6 |
---------------+-------------------+-----
Spellcasting   | 3 5 6 |  6.2
Conjurations   | 5 6 7 8 |  8.1
Earth Magic    | 5 7 8 |  8.7
Fighting       | 2 3 |  3.8
Dodging        | 3 4 |  4.8
Stealth        | 3 4 5 |  5.0
Shields        | 2 3 |  3.8
Transmutations | |  0.7

Action                     |  1- 3 |  4- 6 || total
---------------------------+-------+-------++-------
  Melee: Lance             |       |     4 ||     4
   Cast: Sandblast         |     1 |     5 ||     6
         Stone Arrow       |       |     6 ||     6
    Use: Potion            |     2 |     4 ||     6
 Armour: Robe              |     1 |     6 ||     7
  Dodge: Dodged            |     8 |     5 ||    13
  Block: Kite shield       |       |    20 ||    20
